 Dungeon Crawl Stone Soup version 0.27.0-1-g7a08968 (webtiles) character file.

Game seed: 6279547366732742613

1354 Scud the Magician (level 8, -5/58 HPs)
             Began as a Djinni Hedge Wizard on Aug 22, 2021.
             Slain by a hornet zombie (7 damage)
             ... in an ossuary on Aug 23, 2021.
             The game lasted 00:31:35 (7312 turns).

Scud the Magician (Djinni Hedge Wizard)             Turns: 7312, Time: 00:31:36

Health: -5/58      AC: 11    Str:  9    XL:     8   Next: 95%
Gold:   261        EV: 13    Int: 22    God:
                   SH:  0    Dex: 13

rFire    + + +     SeeInvis .   a - +0 dagger (elec)
rCold    . . .     Faith    .   (no shield)
rNeg     . . .     Spirit   .   i - +2 robe of Ashenzari's Outrage {rElec Int+4}
rPois    ∞         Reflect  .   v - +2 helmet of Ashenzari's Reproof {rC+}
rElec    +         Harm     .   k - +0 cloak
rCorr    .         Rampage  .   e - +2 pair of gloves
Will     .....                  (boots unavailable)
Stlth    ++........             (no amulet)
HPRegen  0.19/turn              n - ring of protection from fire
MPRegen  0.00/turn              (no ring)

@: wereblooded, flying
A: sickness immunity, fire resistance 2, cold vulnerability 1, float, innate
caster, hp casting, extra vitality 1
a: no special abilities


You were in an ossuary.
You visited 1 branch of the dungeon, and saw 6 of its levels.
You also visited: Ossuary.

You collected 261 gold pieces.

Inventory:

Hand Weapons
 a - a +0 dagger of electrocution (weapon)
 p - a +0 vampiric falchion
 r - a +2 short sword of speed
Missiles
 q - 9 poisoned darts (quivered)
Armour
 e - a +2 pair of gloves (worn)
 i - the +2 robe of Ashenzari's Outrage (worn) {rElec Int+4}
   (You found it on level 6 of the Dungeon)

   Int:       It affects your intelligence (+4).
   rElec:     It insulates you from electricity.
 k - a +0 cloak (worn)
 v - the +2 helmet of Ashenzari's Reproof (worn) {rC+}
   (You took it off Robin on level 4 of the Dungeon)

   rC:        It protects you from cold.
Jewellery
 n - a ring of protection from fire (left hand)
Scrolls
 b - 2 scrolls of fear {unknown}
 c - a scroll of enchant weapon {unknown}
 d - a scroll of immolation
 f - 2 scrolls of identify
 g - 4 scrolls of teleportation
 h - a scroll of brand weapon
Potions
 j - a potion of invisibility {unknown}
 l - a potion of resistance {unknown}
 m - a potion of attraction {unknown}
 o - a potion of berserk rage {unknown}
 s - a potion of heal wounds {unknown}
 t - a potion of curing {unknown}


   Skills:
 + Level 4.1 Fighting
 * Level 4.4 Short Blades
 + Level 4.9 Dodging
 - Level 2.2 Stealth
 * Level 5.4 Spellcasting


You couldn't memorise any spells.
You knew the following spells:

 Your Spells              Type           Power      Damage    Failure   Level
a - Magic Dart            Conj           100%       1d8       1%          1
b - Sting                 Tmut/Pois      100%       1d8       1%          1
c - Call Imp              Summ           29%        N/A       1%          2
d - Blink                 Tloc           N/A        N/A       1%          2
e - Mephitic Cloud        Conj/Pois/Air  29%        N/A       3%          3
f - Wereblood             Tmut           29%        N/A       1%          2
g - Swiftness             Air            29%        N/A       3%          3
h - Conjure Flame         Conj/Fire      29%        6-21      3%          3
i - Slow                  Hex            29%        N/A       1%          2
Your spell library was empty.

Dungeon Overview and Level Annotations

Branches:
Dungeon (6/15)            Ossuary (1/1)
 Temple: D:4-7

Altars:
Dithmenos
Nemelex Xobeh

Shops:
D:1 !

Annotations:
D:3 3 runed translucent doors, Estrea's ghost, novice GrEE
D:4 1 runed translucent door, Menkaure; PidgeyThePirate's ghost, amateur HOMo
D:5 1 runed translucent door, Crazy Yiuf


Innate Abilities, Weirdness & Mutations

You are immune to sickness and miasma.
You are immune to poison.
Your flesh is very heat resistant. (rF++)
You are vulnerable to cold. (rC-)
You float through the air rather than walking.
You learn spells naturally, not from books.
Your magical power is your life essence.
You have superior vitality. (+4 HP)


Message History

Aiming: Magic Dart (safe; 1% risk of failure)
Press: ? - help, Shift-Dir - straight line, f - hornet zombie
Aim: a hornet zombie (100% to hit)
The magic dart hits the hornet zombie.
The hornet zombie is lightly damaged.
* * * LOW HITPOINT WARNING * * *
The hornet zombie hits your crimson imp!
Your crimson imp hits the hornet zombie but does no damage.
The hornet zombie completely misses your crimson imp.
Your crimson imp hits the hornet zombie but does no damage.
The hornet zombie misses your crimson imp.
The hornet zombie completely misses your crimson imp.
Your crimson imp hits the hornet zombie but does no damage.
The hornet zombie misses your crimson imp.
Your crimson imp hits the hornet zombie but does no damage.
The hornet zombie hits your crimson imp!
Your crimson imp dies!
Throw: 9 darts (poison)
Press: ? - help, Q - select action, (/) - cycle Shift-Dir - straight line, f/p - hornet zombie
Aim: a hornet zombie (lightly damaged, 63% to hit)
Okay, then.
Casting: Magic Dart (safe; 1% risk of failure)
Confirm with . or Enter, or press ? or * to list all spells.
Your blood is infused with primal strength.
* * * LOW HITPOINT WARNING * * *
Casting: Wereblood (safe; 1% risk of failure)
Confirm with . or Enter, or press ? or * to list all spells.
A shadowy apparition takes form in the air.
* * * LOW HITPOINT WARNING * * *
The hornet zombie hits you.
* * * LOW HITPOINT WARNING * * *
The hornet zombie misses you. The hornet zombie hits you.
* * * LOW HITPOINT WARNING * * *
The hornet zombie hits your shadow imp.
Your shadow imp hits the hornet zombie.
There is a gate leading back out of this place here.
The hornet zombie hits you!
* * * LOW HITPOINT WARNING * * *
Your shadow imp hits the hornet zombie.
The hornet zombie hits you!
You die...

≈# ≈#
#≈##≈#≈
≈.≈.≈
#≈≈.#
≈≈≈
##≈##
#...#
#.5.#
#.Z@#
#####


You could see a hornet zombie (ally target) and a friendly shadow imp
(summoned).

Vanquished Creatures
  2 black bears (D:5)
  2 ice beasts
  A necrophage (D:5)
  3 ogres
  A phantom (D:5)
  A bullfrog (D:4)
  A scorpion (D:5)
  A centaur zombie (D:5)
  A hound (D:5)
  An iguana (D:5)
  4 mummies (Ossuary)
  A bullfrog skeleton (D:6)
  2 orc wizards (D:4)
  A howler monkey zombie (D:6)
  Robin (D:4)
  3 adders
  An ufetubus (D:5)
  A worm (D:4)
  3 dart slugs
  3 orcs (D:4)
  4 ball pythons
  4 bats
  10 endoplasms
  2 giant cockroaches
  11 hobgoblins
  6 kobolds
  4 quokkas
  3 frilled lizards
  11 goblins
  6 rats
95 creatures vanquished.

Vanquished Creatures (collateral kills)
  A wraith (D:6)
  A centaur zombie (Ossuary)
  A bullfrog zombie (Ossuary)
3 creatures vanquished.

Vanquished Creatures (others)
  5 withered plants
5 creatures vanquished.

Grand Total: 103 creatures vanquished

Notes
Turn   | Place    | Note
-------+----------+-------------------------------------------
     0 | D:1      | Scud the Djinni Hedge Wizard began the quest for the Orb.
     0 | D:1      | Reached XP level 1. HP: 15/15 MP: 0/0
   122 | D:1      | Found a faded altar of an unknown god.
   334 | D:1      | Reached XP level 2. HP: 16/21 MP: 0/0
   506 | D:1      | Found Niybbyse's Distillery.
   995 | D:1      | Reached skill level 3 in Spellcasting
  1125 | D:1      | Reached XP level 3. HP: 21/25 MP: 0/0
  1125 | D:1      | Learned a level 1 spell: Sting
  2286 | D:2      | Reached XP level 4. HP: 24/31 MP: 0/0
  2540 | D:2      | You are sucked into a shaft and drop 2 floors!
  2545 | D:4      | Noticed Menkaure
  2796 | D:3      | Noticed Estrea's ghost (novice GrEE)
  2883 | D:3      | Found a sparkling altar of Nemelex Xobeh.
  3302 | D:3      | Reached skill level 1 in Fighting
  3340 | D:3      | Noticed an ogre
  3354 | D:3      | Killed an ogre
  3355 | D:3      | Reached XP level 5. HP: 19/38 MP: 0/0
  3355 | D:3      | Learned a level 2 spell: Wereblood
  3518 | D:3      | Found a runed translucent gate.
  3519 | D:3      | Found a runed translucent gate.
  3520 | D:3      | Found a runed translucent gate.
  4310 | D:4      | Noticed a bullfrog
  4324 | D:4      | Killed a bullfrog
  4325 | D:4      | Reached skill level 1 in Short Blades
  4325 | D:4      | Reached XP level 6. HP: 21/45 MP: 0/0
  4513 | D:4      | Found a runed translucent door.
  4513 | D:4      | Noticed PidgeyThePirate's ghost (amateur HOMo)
  4524 | D:4      | Identified the +2 helmet of Ashenzari's Reproof {rC+}
  4524 | D:4      | Noticed Robin
  4525 | D:4      | Found a shadowy altar of Dithmenos.
  4533 | D:4      | Killed Robin
  4546 | D:4      | Reached skill level 4 in Spellcasting
  4595 | D:5      | Entered Level 5 of the Dungeon
  4735 | D:5      | Noticed an ice beast
  5614 | D:5      | Noticed a black bear
  5625 | D:5      | Killed a black bear
  5626 | D:5      | Reached XP level 7. HP: 39/49 MP: 0/0
  5626 | D:5      | Learned a level 3 spell: Swiftness
  5973 | D:5      | Reached XP level 8. HP: 56/56 MP: 0/0
  6363 | D:5      | Found a runed translucent door.
  6364 | D:5      | Noticed Crazy Yiuf
  6499 | D:5      | Reached skill level 5 in Spellcasting
  6723 | D:6      | Identified the +2 robe of Ashenzari's Outrage {rElec Int+4}
  6797 | D:6      | Noticed a wraith
  6797 | D:6      | Noticed a basilisk
  6832 | D:6      | Killed a wraith
  7016 | D:6      | Found a sand-covered staircase.
  7208 | Ossuary  | Entered an ossuary
  7312 | Ossuary  | HP: 2/58 [hornet zombie (7)]
  7312 | Ossuary  | Slain by a hornet zombie

Illustrated notes

Levels and vault maps discovered:
D:1:      nzn_arrival_crosshair, layout_basic, serial_shops,
          nicolae_square_shop, ebering_ecumenical_altar_rust
D:2:      layout_basic
D:3:      layout_basic, mainiacjoe_overflow_alcove_1, gammafunk_ghost_icy,
          glass_columns_a, chequers_serial_rivers_room_b,
          amcnicky_mini_rare_corridor_liquid
D:4:      minmay_razor_zed, layout_loops_ring, nicolae_overflow_crystal_walls,
          gammafunk_ghost_grave, uniq_robin, uniq_menkaure
D:5:      layout_loops_ring, hangedman_decor_peaks_small,
          kennysheep_minor_cross, uniq_crazy_yiuf_cottage
D:6:      layout_loops_cross, temple_green, enter_ossuary_1, minmay_manual_mail
Ossuary:  ossuary_zaba_flooded

Skill      XL: |  1  2  3  4  5  6  7  8 |
---------------+-------------------------+-----
Spellcasting   | 3 4 5 |  5.4
Stealth        | 2 |  2.2
Fighting       | 2 3 4 |  4.1
Dodging        | 3 4 |  4.9
Short Blades   | 1 2 3 4 |  4.4

Action                   |  1- 3 |  4- 6 |  7- 9 || total
-------------------------+-------+-------+-------++-------
Melee: Dagger            |     1 |    44 |    78 ||   123
Throw: Dart              |       |     6 |       ||     6
 Cast: Magic Dart        |    86 |    60 |    55 ||   201
       Mephitic Cloud    |     2 |    12 |     3 ||    17
       Blink             |     1 |     2 |     3 ||     6
       Sting             |       |    16 |    10 ||    26
       Wereblood         |       |     3 |     1 ||     4
       Call Imp          |       |     1 |    15 ||    16
       Swiftness         |       |       |     1 ||     1
  Use: Scroll            |       |     4 |       ||     4
 Stab: Sleeping          |       |     3 |     3 ||     6
       Confused          |       |     2 |     2 ||     4
Armor: Robe              |     6 |    11 |    23 ||    40
       Animal skin       |       |       |    11 ||    11
       Skin              |       |       |     2 ||     2
Dodge: Dodged            |    15 |    22 |    42 ||    79
